 Dungeon Crawl Stone Soup version 0.30-a0-385-gfebfb9b408 (webtiles) character file.

Game seed: 16205750479182902500

189 NinjaNoafa the Cudgeller (level 5, -1/45 HPs)
             Began as a Minotaur Fighter on Dec 2, 2022.
             Slain by Menkaure (20 damage)
             ... on level 4 of the Dungeon.
             The game lasted 00:06:14 (3497 turns).

NinjaNoafa the Cudgeller (Minotaur Fighter)         Turns: 3497, Time: 00:06:14

Health: -1/45      AC:  8    Str: 23    XL:     5   Next: 40%
Magic:  4/4        EV:  9    Int:  5    God:
Gold:   144        SH:  0    Dex:  9    Spells: 4/4 levels left

rFire   . . .      SeeInvis .    g - +0 dire flail
rCold   . . .      Faith    .    (shield currently unavailable)
rNeg    . . .      Spirit   .    b - +0 scale mail
rPois   .          Reflect  .    (helmet restricted)
rElec   .          Harm     .    n - +0 cloak
rCorr   .          Rampage  .    (no gloves)
Will    .....                    (no boots)
Stlth   ..........               (no amulet)
HPRegen 0.27/turn                (no ring)
MPRegen 0.09/turn                (no ring)

@: no status effects
A: horns 2, retaliatory headbutt
a: no special abilities


You were on level 4 of the Dungeon.
You visited 1 branch of the dungeon, and saw 4 of its levels.

You collected 144 gold pieces.

Inventory:

Hand Weapons
 g - a +0 dire flail (weapon)
Missiles
 j - 23 stones (quivered)
Armour
 b - a +0 scale mail (worn)
 n - a +0 cloak (worn)
 p - a +0 buckler
Scrolls
 a - 3 scrolls of vulnerability {unknown}
 c - a scroll of blinking {unknown}
 e - a scroll of amnesia {unknown}
 f - 4 scrolls of identify {unknown}
 i - a scroll of noise {unknown}
 k - a scroll of fear {unknown}
 o - 2 scrolls of immolation {unknown}
 s - a scroll of magic mapping {unknown}
Potions
 d - a potion of might
 h - a potion of curing
 l - 2 potions of brilliance {unknown}
 m - a potion of degeneration {unknown}
 q - a potion of berserk rage {unknown}
 r - a potion of haste {unknown}


   Skills:
 - Level 3.6 Fighting
 - Level 3.3(5.0) Axes
 + Level 5.8(6.3) Maces & Flails
 - Level 3.6 Armour
 - Level 3.6 Shields


You had 4 spell levels left.
You didn't know any spells.
Your spell library contained the following spells:

 Spells                   Type           Power      Damage    Failure   Level
 Cigotuvi's Dreadful Rot  Necr/Pois/Air  0%         N/A       89%         2
 Poisonous Vapours        Pois/Air       0%         N/A       89%         2
 Mephitic Cloud           Conj/Pois/Air  0%         N/A       98%         3
 Portal Projectile        Hex/Tloc       0%         N/A       98%         3
 Tukima's Dance           Hex            0%         N/A       98%         3
 Anguish                  Hex/Necr       0%         N/A       100%        4
 Blade Hands              Tmut           0%         N/A       100%        5
 Enfeeble                 Hex            0%         N/A       100%        7


Dungeon Overview and Level Annotations

Branches:
Dungeon (4/15)
 Temple: D:4-7

Altars:
Yredelemnul

Shops:
D:2 ?   D:3 [:(((

Annotations:
D:4 Menkaure


Innate Abilities, Weirdness & Mutations

You have a pair of horns on your head.
You reflexively headbutt those who attack you in melee.


Message History

There is an open door here.
Key pressed, stopping explore.
Key pressed, stopping explore.
You see here a +0 leather armour.
There is an escape hatch in the ceiling here.
Done exploring.
Done exploring.
Done exploring.
No target in view!
No target in view!
Done exploring.
(D) Dungeon
Where to? (Enter - D:3, ? - help)
There is a stone staircase leading down here.
You climb downwards.
There is a stone staircase leading up here.
Key pressed, stopping explore.
Key pressed, stopping explore.
f - 4 scrolls labelled ZUGYOS JUOPN (gained 1)
o - 2 scrolls labelled FONOOTHARE (gained 1)
s - a scroll labelled YHACRAA MASOAM Menkaure, Prince of Dust comes into view.
Found 5 gold pieces.
Menkaure shouts!
Menkaure is nearby!
Unknown command.
Menkaure gestures wildly while chanting.
Menkaure seems to speed up.
Menkaure calls on the powers of darkness!
Your body is wracked with pain!
You see here 5 gold pieces.
Menkaure mumbles a few words.
You sock Menkaure!
Menkaure is heavily damaged.
Menkaure closely misses you. You furiously retaliate!
You headbutt Menkaure. Menkaure hits you.
You hit Menkaure but do no damage.
Menkaure is almost destroyed.
Menkaure hits you!!
You die...

#.# #.# #.#
#######.#
..#.....#
#.#.##### #.#.#
#M#.#######
#@#.......#
#$#######.#
#####.# #.#
#.....# #.#
#.##### #.# #.#
#.# #.# #.# #.#
#.#
#.###########.#


You could see Menkaure (fast).

Vanquished Creatures
  Crazy Yiuf (D:1)
  Jessica (D:2)
  5 adders
  3 worms
  5 dart slugs
  6 orcs (D:3)
  7 ball pythons
  5 endoplasms
  2 giant cockroaches (D:1)
  3 hobgoblins
  3 jackals (D:2)
  3 quokkas
  4 bats
  5 frilled lizards
  4 goblins
  6 kobolds
  5 rats
68 creatures vanquished.

Vanquished Creatures (others)
  A plant (D:1)
1 creature vanquished.

Grand Total: 69 creatures vanquished

Notes
Turn   | Place    | Note
-------+----------+-------------------------------------------
     0 | D:1      | NinjaNoafa the Minotaur Fighter began the quest for the
                  | Orb.
     0 | D:1      | Reached XP level 1. HP: 19/19 MP: 0/0
   261 | D:1      | Reached XP level 2. HP: 26/26 MP: 1/1
   263 | D:1      | Found a faded altar of an unknown god.
   462 | D:1      | Reached skill level 1 in Maces & Flails
   748 | D:1      | Reached skill level 2 in Maces & Flails
   876 | D:1      | Reached XP level 3. HP: 31/31 MP: 2/2
  1124 | D:2      | Reached skill level 3 in Maces & Flails
  1277 | D:2      | Reached XP level 4. HP: 37/39 MP: 3/3
  1347 | D:2      | Found Wavyfrus's Magic Scroll Boutique.
  1348 | D:2      | Noticed Jessica
  1352 | D:2      | Killed Jessica
  1353 | D:2      | Reached skill level 4 in Maces & Flails
  2056 | D:2      | Found a runed translucent door.
  2057 | D:2      | Noticed Crazy Yiuf
  2287 | D:1      | Killed Crazy Yiuf
  2288 | D:1      | Reached skill level 5 in Maces & Flails
  2288 | D:1      | Reached XP level 5. HP: 20/45 MP: 4/4
  2555 | D:3      | Found a basalt altar of Yredelemnul.
  2589 | D:3      | Found Oloorghet's Antique Weapon Shop.
  2745 | D:3      | Found Ciuppoug's Book Shop.
  2851 | D:3      | Found Jahuus's Antique Weapon Boutique.
  2869 | D:3      | Found Woddyq's Weapon Shop.
  3275 | D:3      | Found Ychyl's Armour Boutique.
  3492 | D:4      | Noticed Menkaure
  3497 | D:4      | Slain by Menkaure

Illustrated notes

Levels and vault maps discovered:
D:1:      spicycebolla_arrival_clurvy, layout_loops_corners,
          hellmonk_ecumenical_altar_lost_god, serial_bayou_lagoon_a
D:2:      layout_basic, serial_shops, nicolae_square_shop,
          uniq_crazy_yiuf_cottage, uniq_jessica
D:3:      layout_basic, yredelemnul_altar_generic, serial_shops,
          nicolae_shop_stone, nicolae_shop_bloodbath_and_beyond,
          nicolae_shop_hallway_plus, nicolae_shop_window_shopping,
          nicolae_shop_statue_plus, serial_forest, infiniplex_forest_lined_1,
          infiniplex_forest_straight_2, infiniplex_forest_lined_4_way,
          infiniplex_forest_straight_4, infiniplex_forest_end_3,
          infiniplex_forest_lined_2, eino_curves_02
D:4:      layout_basic, uniq_pikel, uniq_menkaure

Skill      XL: |  1  2  3  4 |
---------------+-------------+-----
Axes           | 3 |  3.3
Maces & Flails | 2 3 5 |  5.8
Fighting       | |  3.6
Armour         | |  3.6
Shields        | |  3.6

Action                   |  1- 3 |  4- 6 || total
-------------------------+-------+-------++-------
Melee: War axe           |    10 |       ||    10
       Dire flail        |    95 |    86 ||   181
       Headbutt          |    14 |     9 ||    23
  Use: Potion            |       |     1 ||     1
Armor: Scale mail        |    55 |    25 ||    80
Dodge: Dodged            |    63 |    47 ||   110
Block: Buckler           |    13 |       ||    13

Table legend: (Time is in decaauts)
 A = Elapsed time spent in this place.
 B = Non-inter-level travel time spent in this place.
 C = Inter-level travel time spent in this place.
 D = Time resting spent in this place.
 E = Time spent auto-exploring this place.
 F = Levels seen in this place.
 G = Mean time per level.
                   A        B        C        D        E       F      G
               +--------+--------+--------+--------+--------+-----+--------+
         Total |   3519 |   3299 |    220 |      0 |   2696 |   4 |  879.8 |
       Dungeon |   3519 |   3299 |    220 |      0 |   2696 |   4 |  879.8 |
               +--------+--------+--------+--------+--------+-----+--------+

Top non-repeatable levels by time:
     D:2: 1478 daAuts
     D:1: 1136 daAuts
     D:3: 828 daAuts
     D:4: 76 daAuts
